AoeStats
← The_notorious_Moonbunny

Lombardia

507314582Analyzed
2v2 RM · 13d ago on Sep 17, 2026· 45m 19s· 4 players
Game mode
Random Map
Map size
Medium (4 player)
Population
200
Speed
Normal
Resources
Standard
Victory
Conquest
Starting age
Dark Age
Ending age
Imperial Age
RankedLock teamsTeams togetherTeam positionsShared explorationLock speedFull tech treeHidden civsTurbo modeCheats
Victory
Defeat
🇨🇴 Magyars · Colombia
939
+16
🇨🇴 Mongols · Colombia
937
+16
🇦🇹 Jurchens · Austria
1035
-20
🇦🇹 Japanese · Austria
832
-12
The_notorious_Moonbunny
11:43 Feudal Age
9:59 Loom
14:53 Double-Bit Axe
15:04 Horse Collar
17:47 Castle Age
16:47 Forging
17:13 Scale Mail Armor
18:37 Wheelbarrow
22:17 Squires
22:04 Gambesons
22:05 Arson
24:05 Bow Saw
24:42 Iron Casting
28:09 Chain Mail Armor
28:29 Hand Cart
28:52 Gold Mining
29:51 Heavy Plow
36:25 Scale Barding Armor
38:56 Ballistics
38:42 Siege Engineers
42:00 Imperial Age
39:58 Bloodlines
41:20 Husbandry
42:07 Heavy Rocket Cart
43:17 Chain Barding Armor
Arkonos
7:38 Loom
10:51 Feudal Age
11:17 Double-Bit Axe
13:11 Man-at-Arms
14:19 Man-at-Arms
16:45 Forging
16:41 Scale Mail Armor
22:19 Forging
27:07 Castle Age
26:52 Horse Collar
30:02 Heavy Plow
30:14 Bow Saw
30:12 Pikeman
30:55 Squires
30:40 Gambesons
32:45 Chain Mail Armor
34:01 Wheelbarrow
36:32 Ballistics
36:32 Hand Cart
41:59 Imperial Age
41:07 Iron Casting
43:27 Plate Mail Armor
43:58 Blast Furnace
42:54 Fletching
Jundi
5:15 Loom
10:34 Feudal Age
11:36 Double-Bit Axe
18:37 Castle Age
18:14 Forging
18:18 Bloodlines
19:24 Husbandry
21:06 Bow Saw
21:09 Horse Collar
21:54 Heavy Plow
22:35 Stone Mining
24:07 Wheelbarrow
25:02 Iron Casting
28:01 Gold Mining
28:29 Fletching
30:12 Bodkin Arrow
31:01 Hand Cart
31:59 Padded Archer Armor
32:45 Ballistics
32:20 Murder Holes
34:36 Leather Archer Armor
35:04 Gold Shaft Mining
35:10 Stone Shaft Mining
40:47 Imperial Age
39:49 Nomads
39:56 Scale Barding Armor
40:14 Masonry
41:25 Devotion
41:41 Fervor
42:21 Bracer
43:21 Blast Furnace
42:42 Chain Barding Armor
43:24 Chemistry
42:59 Conscription
42:59 Drill
42:46 Elite Steppe Lancer
44:28 Siege Engineers
44:50 Elite Mangudai
BrickyArrow1990
8:08 Loom
11:56 Feudal Age
12:27 Horse Collar
20:16 Scale Barding Armor
22:47 Castle Age
20:42 Fletching
20:53 Double-Bit Axe
21:03 Gold Mining
22:54 Bloodlines
22:52 Padded Archer Armor
24:11 Husbandry
25:57 Town Watch
26:55 Bow Saw
28:28 Leather Archer Armor
30:12 Chain Barding Armor
29:48 Bodkin Arrow
30:57 Town Patrol
35:05 Town Patrol
35:41 Wheelbarrow
35:59 Thumb Ring
36:29 Caravan
37:02 Hand Cart
36:53 Corvinian Army
42:06 Imperial Age
40:52 Murder Holes
42:18 Gold Shaft Mining
41:34 Stone Mining
41:46 Heavy Plow
42:54 Ballistics
42:45 Masonry
44:04 Plate Barding Armor
43:29 Bracer
44:00 Ring Archer Armor
44:08 Parthian Tactics
Connection lost

Rejoining the realm…

Still unreachable

The connection could not be restored.

Session expired

The server has moved on; the page needs a fresh start.